Map: 环轨星港

Players

Weltall - Winner!

  • Race: Protoss Protoss
  • League: Master

GoodLuck

  • Race: Zerg Zerg
  • League: Master

VOD

Have the link to the VOD?

Description

Time

  • Played on: Feb. 28, 2016, 3:30 p.m.
  • Length: 8:21
Show
View Real Time Build Order
Export as new Build Order

Weltall Protoss - Winner!

Build Orders: Nexus First 

Get SALT Encoding   

  12  0:01  Probe (Chrono Boost)  
  13  0:12  Probe (Chrono Boost)  
  14  0:20  Pylon  
  14  0:22  Probe (Chrono Boost)  
  15  0:38  Probe (Chrono Boost)  
  16  0:48  Probe (Chrono Boost)  
  17  1:01  Nexus  
  17  1:12  Gateway  
  17  1:17  Probe (Chrono Boost)  
  18  1:21  Assimilator  
  18  1:26  Assimilator  
  18  1:29  Probe (Chrono Boost)  
  19  1:39  Probe (Chrono Boost)  
  20  1:50  Pylon  
  20  1:51  Probe (Chrono Boost)  
  21  2:01  Probe (Chrono Boost)  
  21  2:06  Cybernetics Core  
  22  2:12  Probe (Chrono Boost)  
  23  2:22  Probe (Chrono Boost)  
  24  2:28  Probe (Chrono Boost)  
  25  2:33  Probe (Chrono Boost)  
  26  2:39  Probe (Chrono Boost)  
  26  2:42  Stalker  
  31  2:45  Warp Gate, Mothership Core (Chrono Boost)  
  31  2:49  Probe (Chrono Boost)  
  32  3:00  Probe (Chrono Boost)  
  32  3:03  Probe (Chrono Boost)  
  34  3:10  Probe (Chrono Boost)  
  35  3:13  Nexus, Probe (Chrono Boost)  
  35  3:17  Pylon  
  36  3:22  Sentry  
  36  3:23  Probe (Chrono Boost)  
  39  3:32  Twilight Council  
  39  3:33  Probe (Chrono Boost)  
  40  3:35  Probe (Chrono Boost)  
  40  3:38  Pylon  
  41  3:46  Probe (Chrono Boost)  
  42  3:52  Robotics Facility  
  42  3:54  Probe (Chrono Boost)  
  43  3:57  Probe (Chrono Boost)  
  43  4:01  Gateway  
  44  4:04  Pylon  
  44  4:08  Probe (Chrono Boost)  
  45  4:10  Probe (Chrono Boost)  
  46  4:21  Probe (Chrono Boost)  
  46  4:23  Charge (Chrono Boost)  
  47  4:31  Gateway, Probe  
  47  4:32  Probe  
  47  4:33  Probe  
  47  4:35  Gateway  
  50  4:38  Gateway  
  50  4:44  Gateway  
  50  4:46  Gateway  
  50  4:47  Probe  
  50  4:48  Probe x2  
  53  4:53  Gateway  
  53  5:00  Gateway  
  53  5:03  Gateway  
  53  5:06  Gateway  
  53  5:11  Gateway, Probe  
  53  5:12  Probe x2  
  56  5:19  Pylon  
  56  5:21  Pylon  
  56  5:22  Probe  
  56  5:24  Probe  
  58  5:30  Warp Prism (Chrono Boost)  
  60  5:40  Sentry  
  60  5:41  Zealot x2  
  60  5:42  Zealot x2  
  70  5:53  Pylon  
  70  5:56  Pylon  
  70  6:01  Zealot x2  
  70  6:02  Zealot x7  
  88  6:13  Pylon  
  88  6:27  Zealot x3  
  88  6:28  Zealot x7  
  88  6:29  Zealot  
  90  6:56  Zealot  
  90  6:57  Zealot x7  
  90  6:58  Zealot x4  
  104  7:22  Zealot x2  
  104  7:23  Zealot x3  
  104  7:24  Zealot x5  
  104  7:25  Zealot  
  118  7:36  Zealot  
  106  7:49  Zealot x5  
  106  7:50  Zealot x6  
  106  8:04  Zealot  
  100  8:13  Zealot x2  
  100  8:14  Zealot x4  
  100  8:15  Zealot x4  
  116  8:16  Zealot  
Show
View Real Time Build Order
Export as new Build Order

GoodLuck Zerg 

Build Orders: 3 Hatch before Pool 

Get SALT Encoding   

  12  0:01  Drone  
  13  0:10  Drone  
  14  0:17  Overlord  
  14  0:26  Extractor, Drone  
  15  0:36  Drone  
  15  0:37  Drone  
  17  0:52  Hatchery  
  17  0:56  Drone  
  17  0:59  Drone  
  18  1:21  Hatchery  
  17  1:29  Drone x2  
  17  1:31  Drone  
  20  1:43  Spawning Pool  
  20  1:46  Extractor  
  18  1:49  Drone  
  19  1:55  Drone  
  20  2:02  Drone  
  21  2:14  Drone x2  
  23  2:22  Drone  
  24  2:29  Queen  
  24  2:30  Queen  
  24  2:34  Queen  
  24  2:37  Drone  
  31  2:40  Drone  
  32  2:45  Overlord  
  32  2:47  Zergling x2  
  33  2:51  Metabolic Boost  
  33  2:55  Drone  
  34  3:04  Roach Warren, Drone  
  34  3:07  Zergling x2  
  34  3:12  Queen  
  35  3:16  Drone  
  35  3:18  Drone  
  39  3:20  Drone  
  39  3:22  Drone  
  41  3:27  Overlord  
  41  3:32  Lair  
  41  3:37  Drone  
  41  3:40  Overlord  
  42  3:43  Spore Crawler  
  42  3:44  Drone  
  42  3:46  Drone  
  43  3:49  Spore Crawler  
  43  3:52  Drone  
  43  3:54  Drone x2  
  45  3:57  Extractor  
  45  3:59  Drone  
  45  4:00  Drone  
  45  4:01  Extractor  
  45  4:05  Drone  
  45  4:08  Drone x3  
  49  4:10  Drone  
  49  4:12  Drone  
  49  4:14  Drone  
  52  4:21  Roach Warren  
  52  4:23  Burrow  
  51  4:26  Extractor, Drone  
  51  4:28  Zergling x2  
  52  4:33  Drone  
  52  4:35  Drone x3  
  52  4:36  Drone  
  52  4:37  Glial Reconstitution  
  57  4:43  Overlord  
  57  4:50  Overlord  
  57  4:53  Overlord  
  57  5:04  Roach x4  
  57  5:05  Overlord  
  65  5:07  Tunneling Claws  
  65  5:09  Drone x2  
  65  5:11  Roach  
  65  5:13  Drone  
  70  5:14  Drone  
  70  5:17  Drone x2  
  70  5:19  Drone  
  70  5:21  Drone  
  75  5:25  Drone x3  
  75  5:26  Drone  
  75  5:28  Drone  
  80  5:30  Drone  
  80  5:33  Drone x2  
  83  5:36  Roach x2  
  83  5:41  Roach  
  89  5:45  Overlord x2  
  89  5:46  Extractor x2  
  87  5:51  Hydralisk Den  
  87  5:52  Overlord  
  87  5:53  Overlord  
  87  5:54  Overseer  
  86  6:03  Roach  
  90  6:04  Roach  
  90  6:05  Roach  
  90  6:07  Roach  
  90  6:09  Overlord  
  94  6:11  Hatchery  
  94  6:13  Drone x3  
  94  6:14  Drone  
  94  6:15  Drone  
  98  6:20  Roach  
  98  6:21  Roach  
  98  6:23  Roach x2  
  98  6:25  Roach  
  108  6:28  Roach x2  
  108  6:30  Ravager  
  108  6:31  Ravager x4  
  115  6:34  Roach  
  115  6:35  Roach x2  
  115  6:37  Overlord x2  
  97  7:00  Roach  
  97  7:01  Roach x6  
  98  7:04  Roach x2  
  98  7:08  Roach x4  
  96  7:11  Roach  
  87  7:16  Roach  
  87  7:19  Roach  
  87  7:20  Roach  
  80  7:27  Roach  
  69  7:34  Roach  
  69  7:35  Roach  
  61  7:42  Drone x3  
  54  7:48  Roach  
  54  7:51  Roach  
  38  7:56  Drone  
Tags
 
Add a new tag
Caveats
  • Supply blocks, unpowered buildings, or Contaminate may cause inaccurate times.
  • Supply counts are checked every 10 seconds.